 Dungeon Crawl Stone Soup version 0.28.0-1-gb440e238dd (webtiles) character file.

Game seed: 530708830794889330

144 zeram the Ducker (level 5, -4/27 HPs)
             Began as a Spriggan Fighter on Feb 20, 2022.
             Killed from afar by Natasha (9 damage)
             ... with a magic dart
             ... on level 3 of the Dungeon.
             The game lasted 00:03:26 (1989 turns).

zeram the Ducker (Spriggan Fighter)                 Turns: 1989, Time: 00:03:27

Health: -4/27      AC:  2    Str: 14    XL:     5   Next: 5%
Magic:  6/6        EV: 18    Int: 10    God:
Gold:   93         SH:  6    Dex: 14    Spells: 4/4 levels left

rFire   + . .      SeeInvis +   a - +0 rapier
rCold   . . .      Faith    .   c - +0 buckler
rNeg    . . .      Spirit   .   b - +0 robe
rPois   .          Reflect  .   (helmet restricted)
rElec   .          Harm     .   (no cloak)
rCorr   .          Rampage  .   (gloves unavailable)
Will    .....                   (boots unavailable)
Stlth   +.........              g - amulet of regeneration
HPRegen 0.89/turn               f - ring of protection from fire
MPRegen 0.10/turn               (no ring)

@: very quick
A: very small, no large weapons, unfitting armour, see invisible, speed 3
a: no special abilities


You were on level 3 of the Dungeon.
You visited 1 branch of the dungeon, and saw 3 of its levels.

You collected 93 gold pieces.

Inventory:

Hand Weapons
 a - a +0 rapier (weapon)
Armour
 b - a +0 robe (worn)
 c - a +0 buckler (worn)
Jewellery
 f - a ring of protection from fire (left hand)
 g - an amulet of regeneration (around neck)
Wands
 d - a wand of paralysis (1)
Scrolls
 e - 4 scrolls of identify
 i - a scroll of vulnerability {unknown}
 j - a scroll of immolation {unknown}


   Skills:
 - Level 2.4 Fighting
 + Level 4.0 Short Blades
 + Level 5.4 Dodging
 + Level 2.9 Shields


You had 4 spell levels left.
You didn't know any spells.
Your spell library was empty.

Dungeon Overview and Level Annotations

Branches:
Dungeon (3/15)

Altars:

Annotations:
D:3 Natasha


Innate Abilities, Weirdness & Mutations

You are very small and have problems with some larger weapons.
You are too small for most types of armour.
You have supernaturally acute eyesight. (SInv)
You cover ground extremely quickly. (Speed+++)


Message History

You are too injured to fight recklessly!
You are too injured to fight recklessly!
You are too injured to fight recklessly!
You are too injured to fight recklessly!
You are too injured to fight recklessly!
You are too injured to fight recklessly!
Unknown command.
Okay, then.
It was a potion of curing.
You feel better.
Natasha stares at you and mumbles some strange words.
The magic dart hits you!
You puncture Terence!
Terence is heavily wounded.
Terence hits you with a +0 flail.
You hit Terence.
Terence is severely wounded.
You block Terence's attack.
You hit Terence.
Terence is almost dead.
Terence hits you with a +0 flail!
* * * LOW HITPOINT WARNING * * *
You hit Terence.
You kill Terence!
The crimson imp blinks!
Natasha misses you.
Your Short Blades skill increases to level 4!
You have reached level 5!
You feel clever.
You hit Natasha.
Natasha is lightly wounded.
Natasha misses you.
You hit Natasha.
Natasha is moderately wounded.
Natasha completely misses you.
You puncture Natasha!
Natasha is severely wounded.
The white imp disappears in a puff of smoke!
The crimson imp misses you. Natasha casts a spell at you.
The magic dart hits you!
You die...

...# ...# ### ...#
..###### ...# ...
........ ...# .#. ......#
...# .... ##.....>#
...##### .#.## #§.#....#
..##.†.##....# #h##....#
.##8.>.8##.#.###@#.....#.
†#.......#.#.#...5†.(....
##.>.8.>.#.#...#..#......
#....)..#....#..## ..##.
##8†..8##...##..# ##
##...###.......#
##'##...####.... #.#.####
..... #####...# .......


You could see Natasha and a crimson imp (summoned).

Vanquished Creatures
  Terence (D:3)
  Ijyb (D:2)
  3 adders
  5 dart slugs
  5 endoplasms
  2 giant cockroaches (D:1)
  13 goblins
  4 hobgoblins
  2 jackals (D:1)
  2 kobolds
  A quokka (D:2)
  4 ball pythons
  5 bats
  7 rats
55 creatures vanquished.

Notes
Turn   | Place    | Note
-------+----------+-------------------------------------------
     0 | D:1      | zeram the Spriggan Fighter began the quest for the Orb.
     0 | D:1      | Reached XP level 1. HP: 11/11 MP: 2/2
   216 | D:1      | Reached XP level 2. HP: 16/16 MP: 3/3
   981 | D:1      | Reached XP level 3. HP: 5/19 MP: 4/4
  1284 | D:2      | Noticed Ijyb
  1313 | D:2      | Reached XP level 4. HP: 11/23 MP: 5/5
  1315 | D:2      | Paralysed by Ijyb for 4 turns
  1325 | D:2      | Killed Ijyb
  1326 | D:2      | Reached skill level 5 in Dodging
  1426 | D:2      | Found a faded altar of an unknown god.
  1833 | D:2      | HP: 1/23 [poisoned by an adder]
  1970 | D:3      | Noticed Natasha
  1974 | D:3      | Noticed Terence
  1985 | D:3      | HP: 1/23 [Terence (10)]
  1986 | D:3      | Killed Terence
  1987 | D:3      | Reached XP level 5. HP: 2/27 MP: 6/6
  1989 | D:3      | Killed from afar by Natasha

Illustrated notes

Levels and vault maps discovered:
D:1:      roderic_chinese_lattice_arrival, layout_basic, minmay_3d_cube
D:2:      kennysheep_the_goblin_king, layout_basic, serial_curves,
          eino_curves_02, eino_curves_01, hellmonk_ecumenical_altar_run_dry,
          grunt_decor_resistance
D:3:      layout_rooms, st_stairs_7, grunt_ministairs_7,
          uniq_crazy_yiuf_cottage, uniq_natasha, uniq_terence

Skill      XL: |  1  2  3  4 |
---------------+-------------+-----
Short Blades   | 3 4 |  4.0
Dodging        | 5 |  5.4
Fighting       | |  2.4
Shields        | |  2.9

Action                   |  1- 3 |  4- 6 || total
-------------------------+-------+-------++-------
Melee: Rapier            |   132 |    88 ||   220
  Use: Scroll            |     3 |       ||     3
       Potion            |     1 |     1 ||     2
 Stab: Sleeping          |     3 |     1 ||     4
Armor: Robe              |     8 |    13 ||    21
Dodge: Dodged            |   121 |    66 ||   187
Block: Buckler           |    48 |    26 ||    74
